 Dungeon Crawl Stone Soup version 0.31-a0-149-g3fdcc5976a (webtiles) character file.

Game seed: 16911477981428639866

74 qw the Shooter (level 4, -4/38 HPs)
             Began as a Minotaur Hunter on June 7, 2023.
             Slain by Sigmund
             ... wielding a +0 scythe
              (8 damage)
             ... on level 2 of the Dungeon.
             The game lasted 00:00:33 (1062 turns).

qw the Shooter (Minotaur Hunter)                    Turns: 1062, Time: 00:00:33

Health: -4/38      AC:  3    Str: 16    XL:     4   Next: 9%
Magic:  3/3        EV: 12    Int:  6    God:
Gold:   121        SH:  0    Dex: 15    Spells: 3/3 levels left

rFire   . . .        Y - +0 shortbow
rCold   . . .        (shield currently unavailable)
rNeg    . . .        c - +0 leather armour
rPois   .            (helmet restricted)
rElec   .            (no cloak)
rCorr   .            (no gloves)
SInv    .            (no boots)
Will    .....        (no amulet)
Stlth   +            (no ring)
HPRegen 0.26/turn    (no ring)
MPRegen 0.08/turn

%: no passive effects
@: no status effects
A: horns 2, retaliatory headbutt
a: no special abilities


You were on level 2 of the Dungeon.
You visited 1 branch of the dungeon, and saw 2 of its levels.

You collected 121 gold pieces.


Innate Abilities, Weirdness & Mutations

You have a pair of horns on your head.
You reflexively headbutt those who attack you in melee.


   Skills:
 - Level 3.1 Fighting
 + Level 5.9 Ranged Weapons
 - Level 2.1 Dodging
 - Level 0.7 Stealth


You had 3 spell levels left.
You didn't know any spells.
Your spell library was empty.

Inventory:

Hand Weapons
 Y - a +0 shortbow (weapon)
Armour
 c - a +0 leather armour (worn)
Scrolls
 a - 3 scrolls of enchant weapon {unknown}
 b - a scroll of vulnerability {unknown}
Potions
 d - a potion of cancellation {unknown}
 e - a potion of invisibility {unknown}
 f - a potion of resistance {unknown}

Dungeon Overview and Level Annotations

Branches:
Dungeon (2/15)

Altars:

Annotations:
D:2 Sigmund


Message History

You shoot an arrow. The arrow hits the dart slug.
The dart slug is heavily wounded.
Sigmund the Dreaded comes into view.
He is wielding a +0 scythe.
You shoot an arrow. The arrow barely misses Sigmund.
Sigmund hits you but does no damage.
You shoot an arrow. The arrow barely misses Sigmund.
Sigmund barely misses you.
You shoot an arrow. The arrow completely misses Sigmund.
Sigmund hits you with a +0 scythe!
You shoot an arrow. The arrow hits Sigmund!
Sigmund is moderately wounded.
You shoot an arrow. The arrow hits Sigmund.
Sigmund is heavily wounded.
Sigmund gestures wildly while chanting.
Sigmund flickers and vanishes!
Deactivating autopickup; reactivate with Ctrl-A.
Something hits you.
You shoot an arrow. The arrow hits the dart slug.
The dart slug is almost dead.
The dart slug launches a dart at you.
The slug dart hits something.
You shoot an arrow. Something hits you but does no damage.
You shoot an arrow. The arrow barely misses the dart slug.
The dart slug launches a dart at you.
The slug dart hits something.
Something hits you.
You shoot an arrow. The arrow hits the dart slug!
You kill the dart slug!
You hear some strange, mumbled words.
You are confused.
You shoot an arrow. Something hits you!
You shoot an arrow. Something hits you. Something barely misses you.
You shoot an arrow.
You feel less confused.
1062 ||| FLEEEEING.
Something hits you. Something hits you!
You die...

#. # ###.
##########. #.#...
......).... #.#...
##########. ..... #.
#... #. ..g
#########.
#{#########.........
#..@........########
#############


There were no monsters in sight!

Vanquished Creatures
  Terence (D:2)
  2 worms (D:2)
  A dart slug (D:2)
  3 endoplasms
  A giant cockroach (D:1)
  3 goblins
  7 hobgoblins
  3 quokkas (D:1)
  5 ball pythons
  3 bats (D:1)
  3 frilled lizards
  6 kobolds
  3 rats
41 creatures vanquished.

Notes
Turn   | Place    | Note
-------+----------+-------------------------------------------
     0 | D:1      | qw the Minotaur Hunter began the quest for the Orb.
     0 | D:1      | Reached XP level 1. HP: 18/18 MP: 0/0
     0 | D:1      | 0 ||| qw: Version: 0.2-a-117-gc6b5c8b
     0 | D:1      | 0 ||| qw: Game counter: 2620
     0 | D:1      | 0 ||| qw: Always use a shield: true
     0 | D:1      | 0 ||| qw: God list: Okawaru
     0 | D:1      | 0 ||| qw: Allow faded altars: false
     0 | D:1      | 0 ||| qw: Do Orc after D:15 true
     0 | D:1      | 0 ||| qw: Do second Lair branch before Depths: true
     0 | D:1      | 0 ||| qw: Lair rune preference: random
     0 | D:1      | 0 ||| qw: Plans: Normal
     0 | D:1      | 0 ||| PLANNING D:1-11
   165 | D:1      | Reached XP level 2. HP: 25/25 MP: 1/1
   169 | D:1      | Reached skill level 5 in Ranged Weapons
   331 | D:1      | Reached skill level 3 in Fighting
   367 | D:1      | Found a faded altar of an unknown god.
   537 | D:1      | 537 ||| READING scroll labelled NIHUOL ERPHE.
   538 | D:1      | 538 ||| READING scroll labelled OHUMIH SISUN.
   539 | D:1      | 539 ||| READING scroll labelled ACAIPPU AXUMOF.
   542 | D:1      | 542 ||| DROPPING scroll of butterflies.
   614 | D:2      | Reached XP level 3. HP: 31/31 MP: 2/2
   869 | D:2      | Noticed Terence
   885 | D:2      | Killed Terence
   980 | D:2      | Reached XP level 4. HP: 35/38 MP: 3/3
  1047 | D:2      | Noticed Sigmund
  1059 | D:2      | HP: 9/38 [something (5)]
  1062 | D:2      | 1062 ||| FLEEEEING.
  1062 | D:2      | HP: 3/38 [something (6)]
  1062 | D:2      | Slain by Sigmund

Levels and vault maps discovered:
D:1:      matt_arrival_diagonals, layout_rooms,
          hellmonk_ecumenical_altar_blasted
D:2:      minmay_wonky_spiral, layout_loops_ring, kennysheep_generic_room_6,
          uniq_terence, uniq_robin, uniq_sigmund

Skill      XL: |  1  2 |
---------------+-------+-----
Ranged Weapons | 5 |  5.9
Fighting       | 3 |  3.1
Dodging        | |  2.1
Stealth        | |  0.7

Action                     |  1- 3 |  4- 6 || total
---------------------------+-------+-------++-------
   Fire: Shortbow          |   128 |    18 ||   146
    Use: Scroll            |     3 |       ||     3
 Armour: Leather armour    |    12 |     2 ||    14
  Dodge: Dodged            |    34 |     3 ||    37

Table legend:
 A = Non-vault XP
 B = Vault XP
 C = Vault XP percentage of total XP
 D = Non-vault monster count
 E = Vault monster count
 F = Vault count percentage of total count
                 A         B        C        D         E       F
            +---------+---------+-------+---------+---------+-------
      Total |      62 |      44 |  41.5 |      35 |       6 |  14.6
            +---------+---------+-------+---------+---------+-------
        D:1 |      37 |       0 |   0.0 |      23 |       0 |   0.0
        D:2 |      25 |      44 |  63.8 |      12 |       6 |  33.3
            +---------+---------+-------+---------+---------+-------
